 Dungeon Crawl Stone Soup version 0.29-a0-477-g62b78b4225 (webtiles) character file.

Game seed: 17976188381374229901

109 Infinimo the Cudgeller (level 4, 0/48 HPs)
             Began as an Ogre Gladiator on May 25, 2022.
             Slain by a gnoll
             ... wielding a +0 whip
              (5 damage)
             ... on level 4 of the Dungeon.
             The game lasted 00:02:25 (2905 turns).

Infinimo the Cudgeller (Ogre Gladiator)             Turns: 2905, Time: 00:02:26

Health: 0/48       AC:  4    Str: 18    XL:     4   Next: 89%
Magic:  4/4        EV: 10    Int: 11    God:
Gold:   124        SH:  0    Dex: 10    Spells: 3/3 levels left

rFire   . . .      SeeInvis .   a - +0 flail
rCold   . . .      Faith    .   (no shield)
rNeg    . . .      Spirit   .   b - +0 robe
rPois   .          Reflect  .   c - +0 hat
rElec   .          Harm     .   m - +0 cloak
rCorr   .          Rampage  .   (gloves unavailable)
Will    .....                   (boots unavailable)
Stlth   +.........              (no amulet)
HPRegen 0.16/turn               (no ring)
MPRegen 0.09/turn               (no ring)

@: no status effects
A: large, unfitting armour, tough skin 1
a: no special abilities


You were on level 4 of the Dungeon.
You visited 1 branch of the dungeon, and saw 4 of its levels.

You collected 124 gold pieces.

Inventory:

Hand Weapons
 a - a +0 flail (weapon)
Missiles
 d - 3 throwing nets (quivered)
 e - a large rock
Armour
 b - a +0 robe (worn)
 c - a +0 hat (worn)
 m - a +0 cloak (worn)
Jewellery
 i - a ring of willpower
 p - a +4 ring of protection
Scrolls
 g - 3 scrolls of identify
 h - 2 scrolls of brand weapon
 n - a scroll of torment {unknown}
 o - 2 scrolls of poison {unknown}


   Skills:
 + Level 4.2 Fighting
 * Level 4.3 Maces & Flails
 - Level 2.0 Throwing
 - Level 2.6 Dodging


You had 3 spell levels left.
You didn't know any spells.
Your spell library contained the following spells:

 Spells                   Type           Power      Damage    Failure   Level
 Beastly Appendage        Tmut           0%         N/A       34%         1
 Summon Small Mammal      Summ           0%         N/A       34%         1
 Wereblood                Tmut           0%         N/A       47%         2
 Call Canine Familiar     Summ           0%         N/A       71%         3
 Spider Form              Tmut/Pois      0%         N/A       71%         3
 Summon Guardian Golem    Hex/Summ       0%         N/A       71%         3


Dungeon Overview and Level Annotations

Branches:
Dungeon (4/15)
 Temple: D:4-7

Altars:


Innate Abilities, Weirdness & Mutations

You are too large for most types of armour.
You have tough skin. (AC +1)


Message History

A gnoll is nearby!
The gnoll hits you with a +0 spear.
The gnoll is heavily wounded.
The gnoll is heavily wounded.
The gnoll hits you with a +0 spear!
You sock the gnoll!
You kill the gnoll!
No target in view!
No target in view!
You start resting.
A gnoll is nearby!
The gnoll shouts!
You hear a shout! x2
The gnoll hits you with a +0 whip!
You sock the gnoll!
The gnoll is heavily wounded.
You hear a splashing noise.
The gnoll is severely wounded.
The gnoll hits you with a +0 whip!
You are too injured to fight recklessly!
You are too injured to fight recklessly!
You are too injured to fight recklessly!
The gnoll is severely wounded.
The gnoll hits you with a +0 whip.
* * * LOW HITPOINT WARNING * * *
The gnoll is severely wounded.
The gnoll hits you with a +0 whip!
* * * LOW HITPOINT WARNING * * *
You aren't carrying any potions.
The gnoll shouts!
The gnoll is almost dead.
You sock the gnoll!
You kill the gnoll!
The gnoll is lightly wounded.
The gnoll is lightly wounded.
The gnoll is lightly wounded.
The gnoll hits you with a +0 whip.
* * * LOW HITPOINT WARNING * * *
The gnoll is lightly wounded.
The gnoll hits you with a +0 whip.
You die... ....... .......g $......#.## g...... ..## 5o..... ...## o...... #§.# gg.....

#§###
.......
#..)###
)......
###g@.#
[......
###§#
.?.....
###
#######


You could see a gnoll.

Vanquished Creatures
  2 adders (D:2)
  2 gnolls (D:4)
  A worm (D:2)
  A dart slug (D:1)
  An orc (D:3)
  5 ball pythons
  8 endoplasms
  3 giant cockroaches
  2 goblins (D:1)
  5 hobgoblins
  7 jackals (D:2)
  2 quokkas
  5 bats
  7 frilled lizards
  5 kobolds
  8 rats
64 creatures vanquished.

Vanquished Creatures (others)
  12 plants (D:4)
12 creatures vanquished.

Grand Total: 76 creatures vanquished

Notes
Turn   | Place    | Note
-------+----------+-------------------------------------------
     0 | D:1      | Infinimo the Ogre Gladiator began the quest for the Orb.
     0 | D:1      | Reached XP level 1. HP: 22/22 MP: 1/1
   201 | D:1      | Reached XP level 2. HP: 16/31 MP: 2/2
   385 | D:1      | Found a faded altar of an unknown god.
   809 | D:1      | Reached XP level 3. HP: 37/37 MP: 3/3
  1697 | D:2      | Reached XP level 4. HP: 48/48 MP: 4/4
  2905 | D:4      | Slain by a gnoll

Illustrated notes

Levels and vault maps discovered:
D:1:      sevenhm_arrival_forest_fort_small_3, layout_loops_ring,
          hellmonk_ecumenical_altar_run_dry
D:2:      layout_rooms
D:3:      layout_loops_ring
D:4:      layout_rooms, gammafunk_ghost_grave, enter_ossuary_3,
          nrook_loot_triangle, serial_bayou_pond_c

Skill      XL: |  1  2  3  4 |
---------------+-------------+-----
Fighting       | 3 4 |  4.2
Maces & Flails | 3 4 |  4.3
Throwing       | |  2.0
Dodging        | |  2.6

Action                   |  1- 3 |  4- 6 || total
-------------------------+-------+-------++-------
Melee: Flail             |    90 |    82 ||   172
  Use: Potion            |     1 |       ||     1
       Scroll            |       |     6 ||     6
 Stab: Sleeping          |     1 |       ||     1
Armor: Robe              |    28 |    41 ||    69
Dodge: Dodged            |    61 |    61 ||   122

Table legend: (Time is in decaauts)
 A = Elapsed time spent in this place.
 B = Non-inter-level travel time spent in this place.
 C = Inter-level travel time spent in this place.
 D = Time resting spent in this place.
 E = Time spent auto-exploring this place.
 F = Levels seen in this place.
 G = Mean time per level.
                   A        B        C        D        E       F      G
               +--------+--------+--------+--------+--------+-----+--------+
         Total |   2940 |   2832 |    108 |    396 |   2019 |   4 |  735.0 |
       Dungeon |   2940 |   2832 |    108 |    396 |   2019 |   4 |  735.0 |
               +--------+--------+--------+--------+--------+-----+--------+

Top non-repeatable levels by time:
     D:1: 1136 daAuts
     D:2: 874 daAuts
     D:3: 780 daAuts
     D:4: 149 daAuts
